 Dungeon Crawl Stone Soup version 0.25-a0-317-g5f8687bca5 (webtiles) character file.

Game seed: 10918337694575895549, levelgen mode: classic

106 Borgoz the Twirler (level 4, -4/28 HPs)
             Began as a Gargoyle Gladiator on Dec 25, 2019.
             Killed from afar by Natasha (10 damage)
             ... with a magic dart
             ... on level 2 of the Dungeon.
             The game lasted 00:02:25 (2200 turns).

Borgoz the Twirler (Gargoyle Gladiator)             Turns: 2200, Time: 00:02:26

Health: -4/28      AC:  7    Str: 17    XL:     4   Next: 84%
Magic:  4/4        EV: 12    Int:  9    God:
Gold:   116        SH:  0    Dex: 12    Spells: 3/3 levels left

rFire    . . .     SeeInvis .   a - +0 quarterstaff
rCold    . . .     Gourm    .   (shield currently unavailable)
rNeg     + . .     Faith    .   b - +0 leather armour
rPois    ∞         Spirit   .   c - +0 helmet
rElec    +         Reflect  .   (no cloak)
rCorr    .         Harm     .   (no gloves)
MR       .....                  (no boots)
Stlth    +.........             (no amulet)
HPRegen  0.09/turn              (no ring)
MPRegen  0.09/turn              (no ring)

@: no status effects
A: negative energy resistance 1, electricity resistance, unbreathing,
petrification resistance, rot immunity, AC +3
a: no special abilities


You were on level 2 of the Dungeon.
You were very hungry.

You visited 1 branch of the dungeon, and saw 2 of its levels.

You collected 116 gold pieces.

Inventory:

Hand Weapons
 a - a +0 quarterstaff (weapon)
Missiles
 d - 3 throwing nets (quivered)
Armour
 b - a +0 leather armour (worn)
 c - a +0 helmet (worn)
Jewellery
 i - an uncursed ring of resist corrosion {unknown}
Scrolls
 g - a scroll of fog {unknown}
 j - a scroll of magic mapping {unknown}
 k - 3 scrolls of identify {unknown}
 m - a scroll of enchant weapon {unknown}
Potions
 e - a potion of magic
 h - a potion of flight {unknown}
 l - a potion of degeneration {unknown}
Comestibles
 f - 4 rations


   Skills:
 + Level 3.0 Fighting
 * Level 3.9 Staves
 - Level 1.8 Throwing
 * Level 2.1 Armour
 + Level 2.9 Dodging


You had 3 spell levels left.
You didn't know any spells.
Your spell library was empty.

Dungeon Overview and Level Annotations

Branches:
Dungeon (2/15)

Altars:
Trog

Annotations:
D:2 Natasha


Innate Abilities, Weirdness & Mutations

You are resistant to torment.
Your stone body is resilient. (AC +3)
You are immune to poison.
You resist negative energy. (rN+)
You are resistant to electric shocks. (rElec)
You can survive without breathing.
You are immune to petrification.
You are immune to rotting.


Message History

The magic dart hits you.
You are too injured to fight recklessly!
You hit Natasha but do no damage.
Natasha is heavily wounded.
Natasha claws you.
You hit Natasha.
Natasha is severely wounded.
Natasha stares at you and mumbles some strange words.
The magic dart hits you.
* * * LOW HITPOINT WARNING * * *
Unknown command.
It was a potion of magic.
Magic courses through your body.
Natasha drinks a potion.
Natasha is healed!
You completely miss Natasha.
Natasha is moderately wounded.
Natasha mumbles some strange words.
Natasha glows brightly for a moment.
Natasha casts a spell at you. The magic dart hits you!
You die...

##'## #)# #.# #... ##...## #.#
#.# #... ##.....## ###.# #.# #...
#.......## ##.#.# #.#####.#.
.........####....#######.......#.
.........+....................(..
..)......####....##########....##
#.......## #........# #..#.##
##.....## #.##@.##.# #.##...
##.†.## #.###h##.# #.##### ##'##
#........# #.# #.# #####.#### #.#
##.## #.# #.# ###...###########.#
#.# #.................# #.####
#.#####.########### #....## #.#
#.# ####...


You could see Natasha.

Vanquished Creatures
  Natasha (twice) (D:2)
  An adder (D:2)
  2 leopard geckos
  A ball python (D:2)
  5 bats
  2 giant cockroaches (D:1)
  5 goblins
  4 hobgoblins
  4 jackals (D:1)
  7 kobolds
  A quokka (D:2)
  3 frilled lizards
  6 rats
43 creatures vanquished.

Notes
Turn   | Place    | Note
-------+----------+-------------------------------------------
     0 | D:1      | Borgoz the Gargoyle Gladiator began the quest for the Orb.
     0 | D:1      | Reached XP level 1. HP: 12/12 MP: 1/1
    75 | D:1      | Reached XP level 2. HP: 18/18 MP: 2/2
   241 | D:1      | Reached skill level 1 in Armour
   262 | D:1      | Reached XP level 3. HP: 15/22 MP: 3/3
  1387 | D:2      | Found a bloodstained altar of Trog.
  1408 | D:2      | Noticed Natasha
  1422 | D:2      | Killed Natasha
  1422 | D:2      | Reached XP level 4. HP: 12/27 MP: 4/4
  1617 | D:2      | Noticed Natasha
  1625 | D:2      | Killed Natasha
  2188 | D:2      | Noticed Natasha
  2200 | D:2      | Killed from afar by Natasha

Levels and vault maps discovered:
D:1:      dpeg_arrival_more_subterranean_lakeside_camping, layout_basic,
          nrook_loot_triangle
D:2:      layout_loops_corners, bloody_trog, uniq_natasha

Skill      XL: |  1  2  3  4 |
---------------+-------------+-----
Armour         | 1 2 |  2.1
Fighting       | 3 |  3.0
Staves         | |  3.9
Throwing       | |  1.8
Dodging        | |  2.9

Action                   |  1- 3 |  4- 6 || total
-------------------------+-------+-------++-------
Melee: Quarterstaff      |   120 |    37 ||   157
  Use: Potion            |       |     1 ||     1
  Eat: Chunk             |     2 |     1 ||     3
Armor: Leather armour    |    52 |    20 ||    72
Dodge: Dodged            |    94 |    26 ||   120

Table legend:
 A = Non-vault XP
 B = Vault XP
 C = Vault XP percentage of total XP
 D = Non-vault monster count
 E = Vault monster count
 F = Vault count percentage of total count
                 A         B        C        D         E       F
            +---------+---------+-------+---------+---------+-------
      Total |     116 |      36 |  23.7 |      42 |       1 |   2.3
            +---------+---------+-------+---------+---------+-------
        D:1 |      50 |       0 |   0.0 |      28 |       0 |   0.0
        D:2 |      66 |      36 |  35.3 |      14 |       1 |   6.7
            +---------+---------+-------+---------+---------+-------
